[Event "*** SCC Grand Prix: Titled Tuesday Blitz"]
[Site "Chess.com"]
[Date "2020.09.08"]
[Round "4"]
[White "MFBerna"]
[Black "Zemerovv"]
[Result "1/2-1/2"]
[WhiteElo "2452"]
[BlackElo "2299"]
[TimeControl "180+1"]
[EndTime "10:41:16 PDT"]
[Termination "Game drawn - insufficient material"]

1. d4 e6 2. e4 d5 3. Nc3 Bb4 4. e5 Ne7 5. Ne2 b6 6. a3 Bxc3+ 7. Nxc3 Ba6 8. Bg5 Bxf1 9. Rxf1 h6 10. Qh5 Qd7 11.
O-O-O Nbc6 12. Bxe7 Qxe7 13. f4 g6 14. Qe2 h5 15. g3 Na5 16. h3 Nc4 17. g4 hxg4 18.
hxg4 O-O-O 19. f5 gxf5 20. gxf5 Kb8 21. f6 Qf8 22. Rh1 Rxh1 23. Rxh1 c5 24. Qf2 cxd4 25. Qxd4 Rc8 26. Rh7 Kb7 27. Nxd5 Nxa3 28. Ne3 Nb5 29. Qd7+ Nc7 30. Rxf7 Qh8 31. Qxe6 Qh6 32. Qd5+ Kb8 33.
Qe4 Qh5 34. Rg7 Qe2 35. b3 Nd5 36.
Qxd5 Qxe3+ 37. Kb2 Qc3+ 38. Ka3 Qa1+ 39. Kb4 a5+ 40.
Kb5 Rc5+ 41. Qxc5 bxc5 42. Kxc5 Qxe5+ 43. Kc4 Qxf6 44. Rd7 Qe6+ 45. Rd5 Kb7 46. Kd4 Kb6 47.
c4 Qf6+ 48. Kd3 Qf1+ 49. Kd4 Qd1+ 50. Kc3 Qc1+ 51. Kd3 Qb2 52. Rb5+ Ka6 53. Ke4 Qc2+ 54. Kd4 Qd2+ 55. Kc5 Qd7 56. Rb6+ Ka7 57. Rb5 Qc7+ 58.
Kd4 Qd7+ 59. Kc3 Ka6 60. Rd5 Qc6 61. Rb5 Qxb5 62. cxb5+ Kxb5 63. Kb2 a4 64. bxa4+ Kxa4 1/2-1/2

[Event "*** SCC Grand Prix: Titled Tuesday Blitz"]
[Site "Chess.com"]
[Date "2020.09.08"]
[Round "4"]
[White "Karacsonyi_Gellert"]
[Black "ChronicUnhappiness"]
[Result "0-1"]
[WhiteElo "2628"]
[BlackElo "2458"]
[TimeControl "180+1"]
[EndTime "10:41:17 PDT"]
[Termination "ChronicUnhappiness won by resignation"]

1. e4 c5 2. Nf3 Nc6 3. d4 cxd4 4.
Nxd4 Nf6 5. Nc3 e5 6. Nf5 d5 7. exd5 Bxf5 8. dxc6 Qxd1+ 9. Nxd1 bxc6 10. Ne3 Be6 11.
Nc4 Nd7 12. Be3 f6 13. O-O-O Bc5 14. Be2 Bxe3+ 15. fxe3 Ke7 16. Na5 Rac8 17. Bf3 Nb8 18. Rd2 f5 19. Rhd1 e4 20. Be2 Rhd8 21. Nb7 Rxd2 22.
Rxd2 Nd7 23. Nd6 Rb8 24. b3 g6 25. Bc4 Ne5 26. Bxe6 Kxe6 27. c4 Ng4 28. g3 Nxe3 29.
c5 Nd5 30. Nc4 a5 31. Nxa5 Rb5 32. Nxc6 Rxc5+ 33. Rc2 Kd6 34. Nd4 Rxc2+ 35. Nxc2 g5 36. a4 f4 37. gxf4 gxf4 38. Kd2 Kc5 39. Ke2 Nb4 40.
Ne1 Kd4 41. a5 Kc5 42. Kd2 Kb5 43. Ng2 f3 44. Ne3 Kxa5 45. Nc4+ Ka6 46. Nd6 f2 47. Ke2 e3 48. Nf5 Nd5 49. Nd4 Ka5 50. Nc6+ Kb5 51. Nd4+ Kb4 52. Ne6 Kxb3 53. Ng5 h5 54. Ne6 Kc3 55. h4 Kc4 56. Ng7 Nf4+ 57. Kf1 Kd3 58. Nf5 Kd2 59. Ng3 e2+ 60. Nxe2 Nxe2 61. Kxf2 Nf4 62.
Kf3 Ng6 63. Ke4 Nxh4 64. Kf4 Ng6+ 65. Kg5 h4 66. Kg4 Ke3 67. Kh3 Kf4 68. Kg2 Kg4 69. Kh2 h3 70. Kg1 Nh4 71. Kh1 Kg3 72. Kg1 Nf5 73. Kh1 Ne3 74. Kg1 Ng4 75. Kh1 Kf3 76.
Kg1 Kg3 77. Kf1 Nf2 0-1

[Event "*** SCC Grand Prix: Titled Tuesday Blitz"]
[Site "Chess.com"]
[Date "2020.09.08"]
[Round "4"]
[White "elohunter1999"]
[Black "chessfrendz"]
[Result "1-0"]
[WhiteElo "2451"]
[BlackElo "2273"]
[TimeControl "180+1"]
[EndTime "10:41:17 PDT"]
[Termination "elohunter1999 won by resignation"]

1. e4 e6 2. d4 d5 3. Nc3 Bb4 4. e5 Ne7 5. a3 Bxc3+ 6. bxc3 b6 7. Qg4 Ng6 8. h4 h5 9. Qd1 Ba6 10. Bxa6 Nxa6 11. Bg5 Qd7 12. Ne2 Qa4 13. Ng3 Qc4 14.
Qf3 c5 15. Rd1 Rc8 16. Nxh5 Rxh5 17. Qxh5 Qxc3+ 18. Rd2 cxd4 19. Rh3 Qa5 20. Qh7 Nc5 21.
Qxg7 Ne4 22. Rf3 Rc7 23. Qg8+ Nf8 24. Bh6 Qc5 25. Rxd4 a5 26. Qxf8+ Qxf8 27. Bxf8 Kxf8 28. Kd1 Kg7 29. g3 Kg6 30. Rb3 Rc6 31. g4 Nxf2+ 32. Kc1 Ne4 33. Rf3 b5 34. Kb2 Rc7 35. Rb3 Rb7 36. Rf3 Nc5 37. Ka2 Ne4 38. Rdd3 Nc5 39. Rd4 Ne4 40. Rd1 Nc5 41. Rdf1 Ne4 42. Kb2 b4 43. a4 Rc7 44. Kb3 Nd2+ 45. Kb2 Nxf1 46. Rxf1 Rc4 47. h5+ Kg7 48. g5 Re4 49. h6+ Kg6 50.
Rf6+ Kxg5 51. h7 Rh4 52. Rxf7 Rh5 53. Ra7 Kf5 54. Rxa5 Kxe5 55. Ra7 Rh3 56. Rb7 Kd4 57. a5 Kc5 58. a6 e5 59. a7 e4 60. a8=Q e3 61.
Qa5+ Kd4 62. Qxb4+ Ke5 63. Qe7+ Kf5 64. Qd7+ Kf4 65. Qxh3 1-0

[Event "*** SCC Grand Prix: Titled Tuesday Blitz"]
[Site "Chess.com"]
[Date "2020.09.08"]
[Round "4"]
[White "GMHess"]
[Black "GM_dmitrij"]
[Result "1-0"]
[WhiteElo "2755"]
[BlackElo "2913"]
[TimeControl "180+1"]
[EndTime "10:41:20 PDT"]
[Termination "GMHess won by checkmate"]

1. d4 Nf6 2. c4 e6 3. Nc3 Bb4 4. Qc2 b6 5. e4 c5 6. e5 Ng8 7. a3 Bxc3+ 8. bxc3 Bb7 9. Be3 Ne7 10.
Nf3 Bxf3 11. gxf3 Nf5 12. Bd3 Nxe3 13. fxe3 Qh4+ 14. Ke2 Nc6 15. Rag1 g6 16. Rg4 Qe7 17. h4 h5 18. Rg5 O-O-O 19. Qa4 Kb8 20. Rb1 Rc8 21.
dxc5 Qxc5 22. Rb5 Qe7 23. c5 Kc7 24. Be4 Ra8 25. Qc4 Rhb8 26. f4 bxc5 27. Rxc5 Rb6 28. a4 Rab8 29. a5 Rb2+ 30. Kf3 Kd8 31. Bxc6 dxc6 32. Rxc6 Ke8 33. Rc7 Qd8 34. Qc6+ Kf8 35. Qd6+ Kg8 36. Rxa7 Rd2 37. Qxd8+ Rbxd8 38. a6 Ra2 39. Rg2 Ra3 40. Rb2 Rxc3 41. Rab7 Rdd3 42. a7 Rxe3+ 43. Kf2 Rf3+ 44. Ke2 Rce3+ 45. Kd1 Rd3+ 46. Kc2 Rc3+ 47. Kb1 Ra3 48. Rb8+ Kg7 49. a8=Q Rf1+ 50. Kc2 Rf2+ 51. Kd1 Rxa8 52. Rxa8 Rxf4 53. Ra7 Rxh4 54.
Rf2 Rd4+ 55. Ke2 Re4+ 56. Kf1 Rxe5 57. Rfxf7+ Kh6 58. Kg2 Re3 59. Rf3 Re4 60. Re7 e5 61. Rff7 Kg5 62. Re6 Rg4+ 63. Kf3 Kh4 64. Rxe5 g5 65.
Re4 Rxe4 66. Kxe4 Kg3 67. Rf5 Kg4 68. Rf1 h4 69. Rg1+ Kh3 70. Kf3 Kh2 71. Rxg5 h3 72.
Rg3 Kh1 73. Rxh3+ Kg1 74. Rh4 Kf1 75. Rh1# 1-0

[Event "*** SCC Grand Prix: Titled Tuesday Blitz"]
[Site "Chess.com"]
[Date "2020.09.08"]
[Round "4"]
[White "parnali1611"]
[Black "PoppingCheckmates"]
[Result "1/2-1/2"]
[WhiteElo "2159"]
[BlackElo "2385"]
[TimeControl "180+1"]
[EndTime "10:41:21 PDT"]
[Termination "Game drawn - insufficient material"]

1. d4 g6 2. e4 Bg7 3. Be3 d6 4. c4 c5 5. Nc3 cxd4 6. Bxd4 Nf6 7. Nf3 Nc6 8. Be2 Nxd4 9. Nxd4 O-O 10. O-O b6 11. f3 Bb7 12. Nd5 Nxd5 13. cxd5 Rc8 14. Kh1 Qc7 15. Qd3 Qc5 16. Nb3 Qc2 17. Rac1 Qxd3 18.
Bxd3 Bxb2 19. Rb1 Bg7 20. Na5 Ba8 21. Nc4 Rc5 22. a4 Rfc8 23. Rfc1 Bb7 24. g3 Ba6 25.
Rb4 b5 26. axb5 Bxb5 27. Kg2 a5 28. Nxa5 Bxd3 29. Rxc5 dxc5 30. Rb7 c4 31. Nc6 Bf8 32. e5 c3 33. Nb4 c2 34. Nxd3 c1=Q 35. Nxc1 Rxc1 36.
Rb8 Rd1 37. Rd8 Rd2+ 38. Kh3 h5 39. f4 Kg7 40. Rd7 Kh7 41. Rd8 Bh6 42. Rd7 Kg7 43. d6 exd6 44. e6 Kf6 45. exf7 d5 46. f5 gxf5 47.
Rd6+ Kxf7 48. Rxh6 d4 49. Rd6 d3 50. Rd4 Kg6 51.
Rd6+ Kg5 52. Rd4 Kf6 53. Rd7 Ke5 54. Rd8 Ke4 55. Re8+ Kf3 56. Rd8 Ke2 57. Re8+ Kf2 58. Kh4 Re2 59. Rd8 d2 60. Kg5 Ke1 61. h4 d1=Q 62.
Rxd1+ Kxd1 63. Kxh5 Rg2 64. Kg5 Ke2 65. Kxf5 Rxg3 66.
h5 Rf3+ 67. Kg6 Rg3+ 68. Kf6 Rf3+ 69. Kg6 Rg3+ 70. Kf6 Ra3 71. h6 Ra6+ 72. Kg7 Kf3 73. h7 Ra7+ 74. Kg8 Ra8+ 75. Kg7 Ra7+ 76. Kg8 Rxh7 77.
Kxh7 1/2-1/2

[Event "*** SCC Grand Prix: Titled Tuesday Blitz"]
[Site "Chess.com"]
[Date "2020.09.08"]
[Round "4"]
[White "GMKrikor"]
[Black "KuzubovYuriy"]
[Result "0-1"]
[WhiteElo "2703"]
[BlackElo "2900"]
[TimeControl "180+1"]
[EndTime "10:41:24 PDT"]
[Termination "KuzubovYuriy won by resignation"]

1. e4 c5 2. Nf3 Nc6 3. Bb5 Nf6 4. Nc3 Qc7 5. O-O Nd4 6. Re1 e5 7. Bc4 Be7 8. d3 d6 9. h3 O-O 10. Bg5 Qd8 11. Bxf6 Bxf6 12. Nd5 Be6 13. c3 Nxf3+ 14. Qxf3 Bg5 15. Rad1 b5 16. Bxb5 Bxd5 17. exd5 Rb8 18. a4 f5 19. b4 cxb4 20. cxb4 Kh8 21. Rb1 Qb6 22. Bc4 e4 23. Qg3 Bd2 24. Re2 f4 25. Qg4 e3 26. fxe3 fxe3 27. a5 Qc7 28. Kh2 Qe7 29. Qe4 Qg5 30. Qg4 Qe5+ 31. Qg3 Qf6 32. a6 h5 33. h4 Rbe8 34. b5 Bc3 35. Kg1 Be5 36. Qh3 Bd4 37. Rbe1 Bb6 38. Qg3 Qf2+ 39. Kh2 Qxg3+ 40. Kxg3 Re5 41. Kh3 Rf4 42. g3 Rf2 43.
Rxf2 exf2 44. Rf1 Re3 45. Kg2 Re2 46. Kf3 Re1 47. Kg2 g6 48. Rxf2 Bxf2 49. Kxf2 Rb1 50. Ke3 Kg7 51. Kd2 Kf8 52. Kc2 Ra1 53. Kb2 Ra5 54. Kb3 Ke7 55. Kb2 Kd8 56. Kb3 Kc7 57. Kb2 Kb6 58. Kb3 Rxb5+ 59. Bxb5 Kxb5 60. Kc3 Kxa6 61. Kd4 Kb5 62. Ke4 a5 63. Kf4 a4 64. Kg5 a3 65. Kxg6 a2 66. Kxh5 a1=Q 67. g4 Qe5+ 68.
g5 Qxd5 69. Kh6 Qxd3 70. h5 Qe3 71. Kg6 Qe6+ 72. Kg7 Qe5+ 73. Kg6 Qe8+ 74. Kh6 Qh8+ 75. Kg6 d5 76. h6 d4 77. Kh5 d3 0-1

[Event "*** SCC Grand Prix: Titled Tuesday Blitz"]
[Site "Chess.com"]
[Date "2020.09.08"]
[Round "4"]
[White "AccioChess"]
[Black "FMalexhdez"]
[Result "1-0"]
[WhiteElo "2405"]
[BlackElo "2218"]
[TimeControl "180+1"]
[EndTime "10:41:25 PDT"]
[Termination "AccioChess won on time"]

1. e4 c5 2. Nf3 d6 3. d4 cxd4 4. Nxd4 Nf6 5. Nc3 a6 6. Bg5 e6 7. f4 Nbd7 8. Qf3 Qc7 9. O-O-O b5 10. Bd3 Bb7 11. Rhe1 h6 12. Bh4 g5 13. fxg5 Ne5 14. Qe2 Nfd7 15. g6 Nxg6 16. Nxe6 fxe6 17. Qh5 Ne5 18. Bf6 Rg8 19. Nd5 Nxd3+ 20. Rxd3 Bxd5 21.
exd5 e5 22. Rde3 Rc8 23. Rc3 Qd7 24. Rxc8+ Qxc8 25. Bxe5 dxe5 26. Rxe5+ Kd8 27. Re6 Qc4 28. Rxg6 Qf1+ 29. Kd2 Qf2+ 30. Kd1 Qd4+ 31. Kc1 Qf4+ 32. Kd1 Qd4+ 33. Ke2 Rxg6 34. Qxg6 Qe5+ 35. Kf1 Qxd5 36. Qb6+ Kd7 37. Qa7+ Ke6 38. Qxa6+ Ke5 39. Qg6 Qd1+ 40. Kf2 Bc5+ 41. Kg3 Qe1+ 42. Kh3 Qe3+ 43. g3 Qg5 44. Qe8+ Kd6 45. Qb8+ Kc6 46. Qc8+ Kb6 47. Qb8+ Kc6 48. Qc8+ Kb6 49. Qe6+ Kc7 50. Qf7+ Kc6 51. c3 Bd6 52.
Qe8+ Kc7 53. Qf7+ Kc6 54. Qe8+ Kc7 55. Qe4 Kd7 56. Qb7+ Ke6 57. Qe4+ Kd7 58. b4 Qh5+ 59. Kg2 Qf7 60. Qb7+ Ke6 61. Qxb5 Qf5 62. Qe2+ Qe5 63.
Qxe5+ Bxe5 64. c4 Bc3 65. b5 Kd6 66. Kf3 Kc5 67. Ke4 Kxc4 68. b6 1-0

[Event "*** SCC Grand Prix: Titled Tuesday Blitz"]
[Site "Chess.com"]
[Date "2020.09.08"]
[Round "4"]
[White "DinaBelenkaya"]
[Black "ketster"]
[Result "1/2-1/2"]
[WhiteElo "2287"]
[BlackElo "2448"]
[TimeControl "180+1"]
[EndTime "10:41:28 PDT"]
[Termination "Game drawn - timeout vs insufficient material"]

1. e4 e5 2. Nf3 Nc6 3. d4 exd4 4. Nxd4 Bb4+ 5. c3 Bc5 6. Nxc6 bxc6 7. Be2 d6 8. O-O h6 9. Kh1 Nf6 10. Nd2 O-O 11.
f4 Re8 12. Bf3 Ba6 13. c4 Be3 14. e5 dxe5 15. Bxc6 exf4 16. Nf3 Bxc4 17. Re1 Qxd1 18. Rxd1 Rad8 19. Bxe3 Rxd1+ 20. Rxd1 Rxe3 21. b3 Be6 22. Nd4 Bg4 23. Rc1 Rd3 24. Nb5 Rd2 25. a4 Rb2 26.
Nxa7 Rxb3 27. Nb5 Rb2 28. Nxc7 Ra2 29. Na6 Be2 30. Nb4 Rb2 31. Nc2 Ng4 32. Kg1 Ra2 33.
Nd4 Ba6 34. Bb5 Bb7 35. Bc6 Ba6 36. Nf5 g6 37. Ne7+ Kg7 38. Nd5 Ne3 39. Nxe3 fxe3 40. Rc3 e2 41. Kf2 Ra1 42. Re3 Rf1+ 43. Kg3 e1=Q+ 44.
Rxe1 Rxe1 45. a5 Ra1 46. Bb7 Rxa5 47. Bc6 Bb5 48. Bd5 Bd7 49. Bc4 Be6 50. Bd3 Ra3 51.
Kh4 Rxd3 52. h3 g5+ 53. Kh5 Rc3 54. h4 Rb3 55. g3 gxh4 56. g4 Rb5+ 57. Kxh4 Rg5 58.
Kh3 Rxg4 59. Kh2 f5 60. Kh3 f4 61. Kh2 f3 62. Kh3 f2 63. Kh2 1/2-1/2

[Event "*** SCC Grand Prix: Titled Tuesday Blitz"]
[Site "Chess.com"]
[Date "2020.09.08"]
[Round "4"]
[White "Chessbard1972"]
[Black "Bulatova_Kamaliya"]
[Result "1/2-1/2"]
[WhiteElo "2374"]
[BlackElo "2138"]
[TimeControl "180+1"]
[EndTime "10:41:28 PDT"]
[Termination "Game drawn by repetition"]

1. d4 g6 2. Nf3 Bg7 3. c4 Nf6 4. g3 O-O 5. Bg2 d6 6. O-O Nbd7 7. Nc3 e5 8. h3 a6 9. Qc2 Re8 10. Rd1 exd4 11. Nxd4 Ne5 12. b3 c5 13. Nf3 Bf5 14.
e4 Nxe4 15. Nxe4 Bxe4 16. Qxe4 Nxf3+ 17. Qxf3 Bxa1 18. Bf4 Be5 19. Bh6 b5 20. Qxa8 Qxa8 21. Bxa8 Rxa8 22. h4 f5 23. Be3 bxc4 24. bxc4 Rb8 25.
f4 Bd4 26. Bxd4 cxd4 27. Rxd4 Rb6 28. Rd5 Kf7 29. Kf2 Ke6 30. Ke3 Rb4 31. Ra5 Rxc4 32. Kd3 Rc6 33. Kd4 Rb6 34. Ra4 h6 35. Rc4 Rb2 36.
Ra4 Rg2 37. Ra3 a5 38. Kc4 Re2 39. Kb5 Kf6 40. Kxa5 g5 41. hxg5+ hxg5 42. Kb5 Rc2 43. Rd3 gxf4 44. gxf4 Ke6 45. a4 Rb2+ 46. Kc6 Rc2+ 47. Kb6 Rb2+ 48. Ka6 Rb4 49. a5 Rxf4 50. Kb5 Rf1 51. Ra3 Rb1+ 52. Kc6 Rc1+ 53. Kb7 Rb1+ 54. Kc6 Rc1+ 55. Kb5 Rb1+ 56. Kc4 d5+ 57. Kc5 Rc1+ 58. Kd4 Rc4+ 59. Kd3 Rc8 60. a6 Ra8 61. a7 Ke5 62.
Kc3 f4 63. Kb4 f3 64. Rxf3 Rxa7 65. Rf8 Rb7+ 66. Kc3 d4+ 67. Kc4 Rc7+ 68. Kd3 Rc3+ 69. Kd2 Rh3 70. Re8+ Kd5 71. Rd8+ Kc5 72. Rc8+ Kd5 73.
Ra8 Ke4 74. Re8+ Kd5 75. Re7 Kd6 76. Re8 Kd5 1/2-1/2

[Event "*** SCC Grand Prix: Titled Tuesday Blitz"]
[Site "Chess.com"]
[Date "2020.09.08"]
[Round "4"]
[White "TheMagnet"]
[Black "Smile2005"]
[Result "1/2-1/2"]
[WhiteElo "2574"]
[BlackElo "2313"]
[TimeControl "180+1"]
[EndTime "10:41:31 PDT"]
[Termination "Game drawn - insufficient material"]

1. d4 Nf6 2. c4 g6 3. Nc3 Bg7 4. e4 O-O 5. f4 c5 6. d5 e6 7. Nf3 exd5 8. cxd5 Re8 9. e5 d6 10. Bb5 Bd7 11. O-O Bxb5 12. exf6 Bxf1 13. fxg7 Ba6 14.
f5 Kxg7 15. Bf4 Qf6 16. Qd2 Qxf5 17. Bxd6 Nd7 18. Rd1 Nf6 19. Bxc5 Ne4 20. Bd4+ Kg8 21. Qh6 f6 22. Nh4 Qg5 23. Qxg5 fxg5 24. Nf3 Nxc3 25. Bxc3 Be2 26. Rd2 Bxf3 27. gxf3 Rad8 28. d6 Rd7 29. Kf2 Re6 30. Bb4 a5 31. Ba3 b5 32.
Bc5 Re5 33. b4 axb4 34. Bxb4 Kf7 35. Rc2 Ke6 36. Rc8 Rd5 37. Re8+ Kf7 38. Rh8 h5 39. a3 Ke6 40. Re8+ Kf7 41. Rb8 Rf5 42. Ke3 Ke6 43. Rg8 Rdf7 44. Ke2 Rxf3 45. Rxg6+ Kd7 46.
Rxg5 Rf2+ 47. Ke3 Rxh2 48. Rxb5 Rh3+ 49. Ke4 Rh4+ 50. Ke5 Kc6 51. Rc5+ Kb7 52. Ke6 Rh7 53. Re5 Rd4 54. Rb5+ Kc6 55. Rc5+ Kb7 56. Rb5+ Kc6 57.
Rc5+ Kb7 58. Ke5 Rd1 59. Rb5+ Kc6 60. Rc5+ Kb7 61. Rb5+ Ka6 62. Ra5+ Kb6 63. Ra8 h4 64. Re8 h3 65. Re7 Rxe7+ 66. dxe7 h2 67. e8=Q h1=Q 68. Qb8+ Qb7 69. Bc5+ Kc6 70. Qxb7+ Kxb7 71. Bb4 Kc6 72. Ke6 Kb5 73. Ke5 Ka4 74. Ke4 Rd7 75. Ke5 Rb7 76.
Kd5 Rxb4 77. axb4 Kxb4 1/2-1/2

[Event "*** SCC Grand Prix: Titled Tuesday Blitz"]
[Site "Chess.com"]
[Date "2020.09.08"]
[Round "4"]
[White "abhidabhi"]
[Black "adiosabu"]
[Result "0-1"]
[WhiteElo "2702"]
[BlackElo "2512"]
[TimeControl "180+1"]
[EndTime "10:41:32 PDT"]
[Termination "adiosabu won by resignation"]

1. Nf3 Nf6 2. g3 d5 3. Bg2 Bg4 4. O-O Nbd7 5. h3 Bxf3 6. Bxf3 e5 7. d3 Bd6 8. Nc3 c6 9. e4 d4 10. Ne2 O-O 11. Bg2 c5 12. f4 b5 13. f5 c4 14. g4 Ne8 15. Ng3 Be7 16. Nh5 Bh4 17. Qf3 Rc8 18. Bd2 cxd3 19. cxd3 Rc2 20. Bb4 Be7 21. Bxe7 Qxe7 22. Rf2 Rxf2 23. Qxf2 Nc5 24.
Qc2 Na4 25. Rc1 Nf6 26. Ng3 h6 27. Ne2 Nd7 28. Qc7 Nxb2 29. f6 gxf6 30. Ng3 Nxd3 31.
Nf5 Qd8 32. Qc2 Nf4 33. Qf2 Kh7 34. Qh4 h5 35. Rf1 Rh8 36. Bf3 Kg8 37. gxh5 Kf8 38.
h6 Nc5 39. h7 Nce6 40. Kh1 Ke8 41. Rg1 Kd7 42. Qh6 Ng6 43. Bh5 Qf8 44. Qd2 Rxh7 45.
Bg4 Ngf4 46. Kh2 Qc5 47. Rc1 Qa3 48. h4 Nd3 49. Rc2 Nb4 50. Rc1 Qxa2 51. Qxa2 Nxa2 52. Ra1 Nc3 53. Rxa7+ Kc6 54. Ne7+ Kc5 55. Rc7+ Kb4 56. Bxe6 Rxh4+ 57. Kg3 Rxe4 58. Nc6+ Ka3 59. Ra7+ Kb2 60.
Bxf7 Re3+ 61. Kg2 d3 62. Rd7 Re2+ 63. Kf1 e4 64. Bh5 Rh2 65. Bg4 d2 66. Nb4 Rh1+ 67.
Kf2 d1=Q 68. Bxd1 Rxd1 69. Rf7 Rd2+ 70. Ke3 Rd6 71. Rh7 Kb3 0-1

[Event "*** SCC Grand Prix: Titled Tuesday Blitz"]
[Site "Chess.com"]
[Date "2020.09.08"]
[Round "4"]
[White "Love_craft"]
[Black "AniJak"]
[Result "0-1"]
[WhiteElo "2590"]
[BlackElo "2368"]
[TimeControl "180+1"]
[EndTime "10:41:38 PDT"]
[Termination "AniJak won by checkmate"]

1. Nf3 d5 2. g3 Nf6 3. Bg2 c6 4.
O-O Bf5 5. d3 e6 6. Nc3 Bd6 7.
Qe1 Bg6 8. e4 dxe4 9. dxe4 Bb4 10.
Nh4 Bxc3 11. Qxc3 O-O 12. Nxg6 hxg6 13. Bf4 Nbd7 14. Rad1 Qb6 15. Bd6 Rfe8 16. e5 Nd5 17.
Qb3 Qxb3 18. axb3 Rac8 19. c4 N5b6 20. Ra1 a6 21. Rfd1 Nf8 22. h4 Nbd7 23. Rd2 f6 24. f4 Nb6 25. Rad1 Kf7 26. Bc5 Na8 27. Kf2 Rc7 28.
Ke3 Rcc8 29. Be4 f5 30. Bf3 Rc7 31. Rd8 Rc8 32. R8d2 Rc7 33. b4 Rcc8 34. Be2 Rc7 35. Bd6 Rcc8 36. b5 cxb5 37. cxb5 axb5 38. Bxb5 Red8 39.
b4 Nb6 40. Bc5 Nd5+ 41. Kf3 Nd7 42. Bd6 N7b6 43. Ra1 Rc3+ 44. Kf2 Rdc8 45. Ra7 Rb3 46. Rxb7+ Kg8 47. Ba6 Nc4 48. Bxc4 Rxc4 49. Kg2 Rcc3 50. Rxd5 Rxg3+ 51. Kh2 exd5 52. e6 Rh3+ 53. Kg2 Rhg3+ 54. Kh2 Rge3 55. Bc5 Rb2+ 56. Kh1 Re1+ 57. Bg1 Rbb1 58.
e7 Kf7 59. Rb8 Kxe7 60. Rb7+ Kd6 61. Rxg7 Rxg1+ 62. Kh2 Rgc1 63. Rxg6+ Kd7 64. h5 Rb3 65. Kg2 Rc2+ 66. Kh1 Rb1+ 67. Rg1 Rxg1+ 68. Kxg1 Ke7 69. b5 Rb2 70. h6 Kf7 71. b6 Kg6 72. h7 Kxh7 73. b7 Rxb7 74. Kf2 Rb3 75. Ke2 Kg6 76.
Kd2 Kf6 77. Ke2 Ra3 78. Kd2 d4 79. Ke2 Ke6 80. Kd2 Kd5 81. Ke2 Ke4 82. Kd2 d3 83. Ke1 Ra2 84. Kd1 Ke3 85. Ke1 Ra1# 0-1

[Event "*** SCC Grand Prix: Titled Tuesday Blitz"]
[Site "Chess.com"]
[Date "2020.09.08"]
[Round "4"]
[White "Andrii_Prydun"]
[Black "Deepweb2020"]
[Result "1-0"]
[WhiteElo "2411"]
[BlackElo "2220"]
[TimeControl "180+1"]
[EndTime "10:41:38 PDT"]
[Termination "Andrii_Prydun won on time"]

1. d4 Nf6 2. Nc3 d5 3. Bf4 e6 4. Nb5 Na6 5. e3 c6 6. Nc3 Bd6 7. Nf3 Qc7 8. Bxd6 Qxd6 9. Bxa6 bxa6 10. Na4 Nd7 11. c4 a5 12. Nd2 Ba6 13. c5 Qc7 14.
Nb3 O-O-O 15. Qd2 Kb8 16. Qxa5 Qb7 17. O-O-O Ka8 18. Rhe1 Bc4 19. Nd2 Bb5 20. Nc3 Ba6 21.
a4 Rb8 22. b4 Qxb4 23. Qxb4 Rxb4 24. Kc2 Rhb8 25. Rb1 f6 26. Rxb4 Rxb4 27. Rb1 Rxb1 28. Kxb1 Kb7 29. Kc2 Kc7 30. Nf3 e5 31. g3 Kd8 32.
Kb3 Bd3 33. Kb2 Kc7 34. Nb1 g6 35. Nbd2 Ba6 36. Kc3 Kd8 37. Ne1 Kc7 38. Nc2 Bc8 39.
e4 Nf8 40. Ne3 Be6 41. Nf3 Nd7 42. dxe5 dxe4 43. Nd4 Bd5 44. exf6 Nxf6 45. Ne2 Kd7 46. Nf4 Be6 47. Kd4 Bf7 48. Ke5 Bb3 49. Kxf6 Bxa4 50.
Ke5 Bb3 51. Kd4 a5 52. Kc3 a4 53. Ne2 Ke7 54. Nd4 Bf7 55. Kb4 Kf6 56. h4 Be8 57.
Ndc2 Ke5 58. Kxa4 h6 59. Kb4 g5 60. hxg5 hxg5 61. Na3 Bd7 62. Nac2 Be8 63. Kc3 Bd7 64. Nb4 Be8 65. Nbc2 Bd7 66. Nd4 Be8 67. Nec2 Bd7 68.
Nb4 1-0

[Event "*** SCC Grand Prix: Titled Tuesday Blitz"]
[Site "Chess.com"]
[Date "2020.09.08"]
[Round "4"]
[White "elegant285"]
[Black "Iskusnyh"]
[Result "0-1"]
[WhiteElo "2346"]
[BlackElo "2589"]
[TimeControl "180+1"]
[EndTime "10:41:39 PDT"]
[Termination "Iskusnyh won by resignation"]

1. d4 d5 2. c4 c6 3. Nf3 Nf6 4. Nc3 a6 5. cxd5 cxd5 6. Bf4 Nc6 7. e3 Bg4 8. h3 Bxf3 9. Qxf3 e6 10. Bd3 Bd6 11.
O-O O-O 12. Rac1 Rc8 13. Bb1 Bxf4 14. Qxf4 Qc7 15. Qh4 Qe7 16. Na4 g6 17. Nc5 Kg7 18.
a3 Nb8 19. Bd3 a5 20. Bb5 b6 21. Nd3 Qd6 22. Ne5 Nfd7 23. Nd3 Nf6 24. Rfd1 Rfd8 25.
Ne5 Nbd7 26. Nxd7 Nxd7 27. Ba6 Rxc1 28. Rxc1 Nf6 29. Bb5 Qf8 30. Rc7 Rc8 31. Qf4 Rxc7 32. Qxc7 Qa8 33. Qxb6 Qc8 34. Qc6 Qb8 35. b4 axb4 36.
axb4 Qa7 37. Qc3 Qa2 38. Bf1 Ne4 39. Qe1 Qb2 40. b5 h5 41. Qe2 Qb1 42. Qd3 Qb4 43. f3 Ng3 44. Kf2 h4 45. Qc2 Nh1+ 46. Kg1 Ng3 47. Kf2 Nf5 48. Qd3 Qb2+ 49. Qe2 Qc3 50. Qd3 Qb4 51. Qe2 Ng3 52. Qd3 Qb2+ 53. Kg1 Qc1 54.
b6 Nxf1 55. Qxf1 Qxe3+ 56. Qf2 Qc1+ 57. Kh2 Qb1 58. Qe3 Qxb6 59. Qe5+ Kg8 60. Qf6 Qc7+ 61.
Kg1 Qc1+ 62. Kh2 g5 63. Qd8+ Kg7 64. Qd6 Qf4+ 65. Qxf4 gxf4 66. Kg1 Kf6 67. Kf2 Ke7 68. Ke2 Kd6 69. Kd3 Kc6 70. Kc3 Kb5 71. Kb3 f6 72. Kc3 Ka4 73. Kd3 Kb3 0-1

[Event "*** SCC Grand Prix: Titled Tuesday Blitz"]
[Site "Chess.com"]
[Date "2020.09.08"]
[Round "4"]
[White "kirillshevchenko"]
[Black "Alexsur1981"]
[Result "0-1"]
[WhiteElo "2848"]
[BlackElo "2705"]
[TimeControl "180+1"]
[EndTime "10:41:44 PDT"]
[Termination "Alexsur1981 won by resignation"]

1. e4 c5 2. c3 e6 3. d4 d5 4. e5 Nc6 5. Nf3 Bd7 6. Bd3 cxd4 7.
O-O dxc3 8. Nxc3 h6 9. Re1 a6 10. Be3 Nge7 11. Na4 d4 12. Nxd4 Nxd4 13. Bxd4 Bc6 14.
Be4 Bxe4 15. Rxe4 Nc6 16. Bb6 Qxd1+ 17. Rxd1 Be7 18. Nc5 Bxc5 19. Bxc5 Rd8 20. Bd6 Rd7 21. f4 Ne7 22. Ree1 O-O 23. Bxe7 Rxe7 24. Rc1 Rd8 25. Re2 Rd4 26. g3 Red7 27. Kf2 Kh7 28. Rc8 Rd1 29.
a3 h5 30. Kg2 Kg6 31. Rec2 Kf5 32. R8c7 g5 33. Rxd7 Rxd7 34. fxg5 Kxg5 35. Rf2 Kg6 36. Rf6+ Kg7 37. Rf2 Rd5 38. Re2 Kg6 39. h3 a5 40.
g4 h4 41. Kf3 Rd1 42. Ke4 b5 43. Re3 a4 44. Rd3 Rg1 45. Kf4 Rg2 46. b3 Rb2 47.
bxa4 bxa4 48. Rf3 Rc2 49. Ke4 Rc4+ 50. Kd3 Rc8 51. Ke4 Rc5 52. Rd3 Rc4+ 53. Rd4 Rc2 54. Rxa4 Rh2 55. Ra8 Rxh3 56. Rh8 Rh1 57. Kf3 Re1 58. Rxh4 Rxe5 59. Kf4 Ra5 60. Rh3 Ra4+ 61. Ke5 Kg5 62. Rf3 Ra7 63. Ke4 Kxg4 64. Rf1 Kg5 65. Ke5 Ra5+ 66. Kd6 Kg6 67. Rg1+ Kf6 68. Rg3 Rd5+ 69.
Kc6 Rd1 70. a4 Ra1 71. Kb5 e5 72. a5 e4 73. Rc3 Ke5 74. Kb4 f5 75. Kb5 f4 76. a6 f3 77. Rc5+ Kf4 78. Rc8 f2 79. Rf8+ Ke3 80. Kb6 f1=Q 0-1

[Event "*** SCC Grand Prix: Titled Tuesday Blitz"]
[Site "Chess.com"]
[Date "2020.09.08"]
[Round "4"]
[White "vvg2"]
[Black "AntonovaNadezhda"]
[Result "1/2-1/2"]
[WhiteElo "2262"]
[BlackElo "2049"]
[TimeControl "180+1"]
[EndTime "10:41:46 PDT"]
[Termination "Game drawn - insufficient material"]

1. d4 Nf6 2. c4 g6 3. Nc3 Bg7 4.
e4 d6 5. Nf3 O-O 6. Be2 e5 7. O-O Nc6 8. d5 Ne7 9. b4 a5 10. bxa5 Rxa5 11. a4 Ra8 12. Nd2 b6 13. Nb3 Nd7 14. a5 bxa5 15. Rxa5 Rxa5 16. Nxa5 Nc5 17.
Be3 f5 18. Bxc5 dxc5 19. Bd3 Bd7 20. Nb3 f4 21. Nxc5 f3 22. g3 Nc8 23. Nxd7 Qxd7 24. Re1 c6 25. Re3 cxd5 26. exd5 Qf7 27. Be4 Nd6 28.
Qxf3 Nxc4 29. Qxf7+ Rxf7 30. Re1 Nd6 31. Ra1 Rc7 32. Ra8+ Kf7 33. Ra3 Rxc3 34. Rxc3 Nxe4 35. Rc7+ Kf6 36. Rc6+ Ke7 37. f3 Nf6 38. d6+ Ke6 39. Rc7 Nd7 40. Kg2 Bf8 41. Rc8 Bxd6 42. Re8+ Be7 43. Rh8 Nf6 44. Ra8 h5 45. Ra6+ Kf7 46. h4 Nd5 47. Ra5 Nc7 48. Rxe5 Bf6 49. Ra5 Ne6 50.
Ra7+ Be7 51. Kf2 Kf6 52. Ra6 Kf5 53. Kg2 Bc5 54. Rc6 Ke5 55. Kh3 Kd5 56. Rc8 Nf8 57.
g4 hxg4+ 58. Kxg4 Bd6 59. Kg5 Ke6 60. f4 Be7+ 61. Kg4 Kf6 62. Rc6+ Ne6 63. Ra6 Bd8 64.
Kf3 Bc7 65. Kg4 Bxf4 66. Rxe6+ Kxe6 67. Kxf4 Kf6 68. Kg4 Kf7 69. Kf4 Kf6 70. Kg4 Kf7 71. Kg3 Kg7 72. Kf4 Kh6 73. Kg4 Kh7 74. Kg5 Kg7 75. h5 gxh5 76. Kxh5 1/2-1/2